 Dungeon Crawl Stone Soup version 0.30-b1-2-g02819fbbbe (webtiles) character file.

Game seed: 7840718978045106859

271 Maffolandro the Trooper (level 6, -4/52 HPs)
             Began as a Human Wanderer on Dec 23, 2023.
             Was an Initiate of Yredelemnul.
             Slain by an ogre
             ... wielding a +0 giant club
              (24 damage)
             ... on level 5 of the Dungeon.
             The game lasted 00:09:43 (2827 turns).

Maffolandro the Trooper (Human Wanderer)            Turns: 2827, Time: 00:09:44

Health: -4/52      AC: 11    Str: 16    XL:     6   Next: 47%
Magic:  6/6        EV:  4    Int: 10    God:    Yredelemnul [......]
Gold:   168        SH:  0    Dex: 13    Spells: 3/5 levels left

rFire   . . .        b - +0 whip (venom)
rCold   . . .        (no shield)
rNeg    . . .        u - +0 plate armour
rPois   .            (no helmet)
rElec   .            (no cloak)
rCorr   .            z - +0 pair of gloves
SInv    .            (no boots)
Will    +....        (no amulet) Stlth
                     j - ring of willpower
HPRegen 0.28/turn    (no ring)
MPRegen 0.10/turn

%: no passive effects
@: no status effects
A: no striking features
a: Renounce Religion, Recall Undead Harvest


You were on level 5 of the Dungeon.
You worshipped Yredelemnul.
Yredelemnul was noncommittal.
You visited 1 branch of the dungeon, and saw 5 of its levels.

You collected 168 gold pieces.

Inventory:

Hand Weapons
 a - a +2 hand axe
 b - a +0 whip of venom (weapon)
 B - a +0 sling
Missiles
 n - 12 poisoned darts (quivered)
 o - 5 boomerangs
 s - 5 javelins
Armour
 e - a +0 leather armour
 f - a +0 ring mail
 u - a +0 plate armour (worn)
 z - a +0 pair of gloves (worn)
Jewellery
 j - a ring of willpower (left hand)
 v - a +6 ring of strength
Wands
 t - a wand of flame (30)
 x - a wand of iceblast (9)
Scrolls
 d - 2 scrolls of blinking
 g - 4 scrolls of teleportation {unknown}
 k - a scroll of acquirement {unknown}
 l - a scroll of immolation {unknown}
 p - 4 scrolls of identify {unknown}
 q - a scroll of fear {unknown}
 y - a scroll of enchant weapon {unknown}
Potions
 h - a potion of mutation {unknown}
 i - a potion of brilliance {unknown}
 m - 4 potions of degeneration {unknown}
 r - a potion of resistance {unknown}
 w - a potion of curing {unknown}
 A - a potion of heal wounds {unknown}
Miscellaneous
 c - a piece from Xom's chessboard (15/15)


   Skills:
 - Level 6.0 Fighting
 - Level 2.0 Axes
 - Level 1.0 Staves
 - Level 1.0 Throwing
 - Level 1.0 Armour
 * Level 2.9 Poison Magic
 - Level 2.0 Evocations


You had 3 spell levels left.
You knew the following spells:

 Your Spells              Type           Power      Damage    Failure   Level
a - Poisonous Vapours     Pois/Air       4%         N/A       100%        2

Your spell library contained the following spells:

 Spells                   Type           Power      Damage    Failure   Level
 Sandblast                Erth           0%         2d4       100%        1
 Slow                     Hex            0%         N/A       100%        1
 Sting                    Tmut/Pois      8%         1d3       100%        1
 Passwall                 Tmut/Erth      0%         N/A       100%        2
 Confusing Touch          Hex            0%         N/A       100%        3
 Inner Flame              Hex/Fire       0%         N/A       100%        3
 Stone Arrow              Conj/Erth      0%         3d7       100%        3
 Vampiric Draining        Necr           0%         2d6       100%        3
 Anguish                  Hex/Necr       0%         N/A       100%        4
 Flame Wave               Conj/Fire      0%         2d4       100%        4
 Olgreb's Toxic Radiance  Pois           5%         N/A       100%        4
 Sticky Flame             Conj/Fire      0%         2d3       100%        4
 Enfeeble                 Hex            0%         N/A       100%        7


Dungeon Overview and Level Annotations

Branches:
Dungeon (5/15)
 Temple: D:4-7

Altars:
Fedhas
Yredelemnul

Shops:
D:1 :

Annotations:
D:4 2 transporters


Message History

You swap places.
There is an open door here.
An orc comes into view. It is wielding a +0 trident.
The orc shouts!
The orc barely misses you.
An ogre comes into view. It is wielding a +0 giant club.
The ogre shouts!
The orc hits you with a +0 trident.
You closely miss the orc. The orc hits you but does no damage.
You closely miss the orc. The orc hits you with a +0 trident.
You hit the orc.
The orc is poisoned.
The orc is moderately wounded.
The orc barely misses you.
You closely miss the orc.
The orc is moderately wounded.
The orc hits you but does no damage.
You hit the orc but do no damage.
The orc looks as sick as possible!
The orc is moderately wounded.
Your orc zombie barely misses the orc.
The orc barely misses you. The orc attacks as you move away!
The orc hits you but does no damage. The orc barely misses you.
Your orc zombie hits the orc.
You hit the ogre.
The ogre is poisoned.
The ogre is moderately wounded.
The ogre hits you with a +0 giant club.
The orc hits you from afar with a +0 trident.
You hit the ogre.
The ogre looks as sick as possible!
The ogre is heavily wounded.
Your orc zombie barely misses the orc.
The orc hits you from afar with a +0 trident!
You hit the ogre but do no damage.
The ogre is heavily wounded.
You kill the orc!
The ogre hits you with a +0 giant club!!
Your orc zombie hits the ogre.
You hit the ogre. Your punch misses the ogre.
The ogre is severely wounded.
Your orc zombie barely misses the ogre.
The ogre hits you with a +0 giant club!!
You die...
Your body rises from the dead as a mindless zombie.

###############
#########.............#
#......##..............
###Z##...................
.....#......##..@Z.......
.....#......##...O)......
.....#...................
.....##......#...........
###.###............###...
#.................. ..
####>................ .
#.....................
..............#.###....


You could see an ogre (extremely poisoned, ally target) and a friendly orc
zombie.

Vanquished Creatures
  A scorpion (D:4)
  Ijyb (D:3)
  An orc wizard (D:3)
  An iguana (D:4)
  4 adders
  An ufetubus (D:4)
  A worm (D:4)
  4 dart slugs
  8 orcs
  8 endoplasms
  7 goblins
  12 hobgoblins
  4 jackals
  5 quokkas
  9 ball pythons
  5 bats
  2 frilled lizards
  A kobold (D:2)
  3 rats (D:1)
78 creatures vanquished.

Notes
Turn   | Place    | Note
-------+----------+-------------------------------------------
     0 | D:1      | Maffolandro the Human Wanderer began the quest for the Orb.
     0 | D:1      | Maffolandro set off with the following items: a +2 hand
                  | axe, a +0 quarterstaff, a piece from Xom's chessboard
                  | (15/15), a scroll of blinking, a +0 leather armour.
     0 | D:1      | Reached XP level 1. HP: 18/18 MP: 1/1
    85 | D:1      | Reached XP level 2. HP: 24/24 MP: 2/2
   221 | D:1      | Reached skill level 4 in Fighting
   221 | D:1      | Reached XP level 3. HP: 20/30 MP: 3/3
   273 | D:1      | Found Patis's Book Emporium.
   993 | D:2      | Reached XP level 4. HP: 28/38 MP: 4/4
  1301 | D:2      | Learned a level 2 spell: Poisonous Vapours
  1480 | D:3      | Reached skill level 5 in Fighting
  1513 | D:3      | Identified the +0 plate armour "Xifoerphe" {Drain rF++}
  1642 | D:3      | Noticed Ijyb
  1652 | D:3      | Killed Ijyb
  1653 | D:3      | Reached XP level 5. HP: 41/44 MP: 5/5
  2133 | D:4      | Found a transporter.
  2133 | D:4      | Noticed a centaur
  2144 | D:4      | Found a transporter.
  2168 | D:4      | Found a blossoming altar of Fedhas.
  2198 | D:4      | Identified the +2 robe of the Forest {Dex+3 Slay-5}
  2252 | D:4      | Reached skill level 6 in Fighting
  2252 | D:4      | Reached skill level 1 in Poison Magic
  2252 | D:4      | Reached XP level 6. HP: 52/52 MP: 6/6
  2394 | D:4      | Found a basalt altar of Yredelemnul.
  2425 | D:4      | Became a worshipper of Yredelemnul the Dark
  2763 | D:5      | Entered Level 5 of the Dungeon
  2817 | D:5      | Noticed an ogre
  2827 | D:5      | Slain by an ogre

Illustrated notes

Levels and vault maps discovered:
D:1:      onia_arrival_mini_spirals, layout_rooms, serial_shops, shop
D:2:      layout_loops_ring, uniq_crazy_yiuf_cottage
D:3:      layout_basic, chequers_garden, uniq_ijyb
D:4:      layout_basic, gammafunk_temple_overflow_arena,
          mainiacjoe_overflow_cross_hatched, minmay_misc_feat_square
D:5:      layout_basic, minmay_temple_entry_statues_fountains, serial_shops,
          nicolae_shop_behind_doors, shop, shop, nicolae_shop_trees,
          minmay_hedge_maze

Skill      XL: |  1  2  3  4  5  6 |
---------------+-------------------+-----
Fighting       | 4 5 6 |  6.0
Poison Magic   | 1 2 |  2.9
Axes           | |  2.0
Staves         | |  1.0
Throwing       | |  1.0
Armour         | |  1.0
Evocations     | |  2.0

Action                     |  1- 3 |  4- 6 || total
---------------------------+-------+-------++-------
  Melee: Hand axe          |    77 |       ||    77
         Dagger            |     8 |   158 ||   166
         Punch             |     1 |     2 ||     3
         Whip              |       |    19 ||    19
   Fire: Sling             |    10 |       ||    10
  Throw: Dart              |     4 |     7 ||    11
 Armour: Ring mail         |    29 |     8 ||    37
         Plate armour      |       |    96 ||    96
  Dodge: Dodged            |    52 |    42 ||    94
